Map: Central Protocol

Players

Chris (MCanning)

  • Race: Protoss Protoss
  • League: Diamond

IlIlIlIlIlIl - Winner!

  • Race: Protoss Protoss
  • League: Diamond

VOD

Have the link to the VOD?

Description

Blink stalker aggresion

Time

  • Played on: Nov. 11, 2015, 3:06 a.m.
  • Length: 11:54
Show
View Real Time Build Order
Export as new Build Order

Chris Protoss 

Build Orders: 1 Gate Expand, Blink Stalkers 

Get SALT Encoding   

  12  0:01  Probe (Chrono Boost)  
  13  0:12  Probe (Chrono Boost)  
  14  0:18  Pylon  
  14  0:22  Probe (Chrono Boost)  
  15  0:36  Probe (Chrono Boost)  
  15  0:41  Gateway  
  16  0:47  Probe (Chrono Boost)  
  17  0:52  Assimilator  
  17  0:57  Probe (Chrono Boost)  
  18  1:08  Probe (Chrono Boost)  
  19  1:20  Nexus  
  19  1:30  Cybernetics Core  
  19  1:33  Probe (Chrono Boost)  
  20  1:40  Assimilator  
  20  1:44  Probe (Chrono Boost)  
  21  1:51  Pylon  
  21  1:55  Probe (Chrono Boost)  
  22  2:05  Probe (Chrono Boost)  
  23  2:11  Adept (Chrono Boost)  
  25  2:16  Mothership Core  
  25  2:19  Warp Gate  
  27  2:34  Probe  
  28  2:37  Probe  
  28  2:38  Adept (Chrono Boost)  
  31  2:45  Probe  
  31  2:49  Probe  
  33  2:51  Twilight Council  
  33  2:55  Probe  
  34  3:01  Adept (Chrono Boost)  
  34  3:02  Probe  
  37  3:06  Probe  
  37  3:10  Pylon  
  38  3:14  Probe  
  38  3:17  Probe  
  40  3:22  Pylon  
  40  3:26  Probe (Chrono Boost)  
  41  3:28  Probe (Chrono Boost)  
  41  3:32  Stalker (Chrono Boost)  
  44  3:38  Probe (Chrono Boost)  
  44  3:39  Probe (Chrono Boost)  
  47  3:48  Probe (Chrono Boost)  
  47  3:49  Blink  
  47  3:50  Probe (Chrono Boost)  
  48  3:59  Probe (Chrono Boost), Gateway  
  48  4:00  Probe (Chrono Boost)  
  48  4:02  Gateway  
  50  4:09  Probe (Chrono Boost)  
  51  4:13  Probe (Chrono Boost)  
  52  4:22  Robotics Facility  
  52  4:23  Assimilator  
  52  4:27  Pylon  
  52  4:28  Pylon  
  52  4:30  Assimilator  
  52  4:32  Probe (Chrono Boost)  
  52  4:34  Probe (Chrono Boost)  
  54  4:38  Pylon  
  54  4:40  Forge  
  54  4:42  Probe (Chrono Boost)  
  54  4:45  Probe (Chrono Boost)  
  56  4:53  Probe (Chrono Boost)  
  56  4:54  Stalker  
  56  4:55  Probe (Chrono Boost)  
  56  4:57  Pylon  
  60  5:04  Probe (Chrono Boost)  
  61  5:07  Probe (Chrono Boost)  
  62  5:14  Gateway x2  
  62  5:15  Stalker x2, Protoss Ground Weapons Level 1 (Chrono Boost)  
  62  5:17  Observer (Chrono Boost)  
  67  5:25  Gateway  
  67  5:29  Robotics Bay  
  67  5:41  Stalker x3  
  70  5:58  Nexus  
  70  5:59  Pylon  
  70  6:02  Pylon  
  70  6:04  Probe  
  70  6:10  Stalker x2  
  75  6:16  Stalker  
  77  6:18  Disruptor (Chrono Boost)  
  77  6:21  Probe  
  77  6:22  Sentry  
  77  6:24  Probe  
  84  6:30  Dark Shrine  
  84  6:35  Stalker  
  84  6:37  Probe  
  84  6:38  Probe  
  88  6:50  Disruptor (Chrono Boost)  
  88  7:01  Stalker x4  
  92  7:05  Probe  
  92  7:07  Probe  
  98  7:08  Probe  
  99  7:16  Stalker x2  
  99  7:17  Probe  
  99  7:20  Probe  
  99  7:21  Disruptor (Chrono Boost)  
  107  7:24  Pylon  
  107  7:25  Stalker x2  
  111  7:35  Probe  
  112  7:39  Probe  
  112  7:40  Stalker x3  
  112  7:42  Probe  
  112  7:43  Assimilator  
  120  7:49  Zealot  
  120  7:50  Assimilator  
  120  7:51  Zealot  
  124  7:52  Observer (Chrono Boost)  
  124  7:56  Probe  
  124  7:59  Photon Cannon  
  124  8:03  Photon Cannon  
  124  8:05  Pylon  
  124  8:07  Dark Templar  
  124  8:08  Dark Templar  
  128  8:14  Dark Templar  
  126  8:25  Stalker x3  
  132  8:30  Probe, Photon Cannon  
  131  8:41  Probe  
  131  8:43  Probe  
  131  8:48  Dark Templar  
  135  8:53  Nexus  
  135  8:54  Pylon  
  135  8:55  Disruptor (Chrono Boost)  
  135  8:56  Pylon  
  135  8:59  Probe  
  135  9:02  Stalker x4  
  141  9:11  Probe  
  141  9:12  Probe  
  141  9:14  Robotics Facility  
  141  9:16  Pylon  
  143  9:17  Pylon  
  143  9:24  Probe  
  143  9:26  Disruptor (Chrono Boost)  
  145  9:31  Photon Cannon  
  145  9:33  Photon Cannon  
  145  9:35  Pylon x2  
  145  9:37  Dark Templar  
  147  9:41  Zealot  
  147  9:44  Probe  
  147  9:45  Stalker  
  150  9:56  Disruptor (Chrono Boost)  
  150  9:59  Dark Templar  
  153  10:00  Dark Templar x2  
  153  10:02  Disruptor (Chrono Boost)  
  153  10:04  Archon  
  160  10:08  Dark Templar  
  160  10:13  Photon Cannon, Archon  
  162  10:15  Probe, Photon Cannon  
  162  10:16  Probe  
  162  10:20  Probe  
  162  10:22  Probe  
  164  10:30  Probe  
  164  10:32  Disruptor (Chrono Boost)  
  168  10:38  Probe  
  168  10:40  Zealot  
  171  10:43  Photon Cannon  
  171  10:48  Stalker x2  
  166  10:56  Stalker x3  
  159  10:58  Disruptor (Chrono Boost)  
  154  11:06  Disruptor (Chrono Boost)  
  105  11:26  Probe  
  105  11:30  Stalker x3  
  105  11:31  Stalker x3  
  121  11:32  Probe  
Show
View Real Time Build Order
Export as new Build Order

IlIlIlIlIlIl Protoss - Winner!

Build Orders: Nexus First 

Get SALT Encoding   

  12  0:01  Probe (Chrono Boost)  
  13  0:11  Probe (Chrono Boost)  
  14  0:18  Pylon  
  14  0:22  Probe (Chrono Boost)  
  15  0:36  Probe (Chrono Boost)  
  16  0:46  Probe (Chrono Boost)  
  17  0:59  Nexus  
  17  1:03  Probe (Chrono Boost)  
  18  1:13  Probe (Chrono Boost)  
  18  1:15  Gateway  
  19  1:23  Assimilator  
  19  1:24  Probe (Chrono Boost)  
  20  1:28  Assimilator  
  20  1:34  Probe (Chrono Boost)  
  21  1:41  Gateway  
  21  1:45  Probe (Chrono Boost)  
  22  1:50  Pylon  
  22  1:56  Probe (Chrono Boost)  
  23  2:05  Cybernetics Core  
  23  2:08  Probe (Chrono Boost)  
  24  2:11  Probe (Chrono Boost)  
  25  2:18  Probe (Chrono Boost)  
  27  2:23  Probe (Chrono Boost)  
  27  2:29  Probe (Chrono Boost)  
  28  2:33  Probe (Chrono Boost)  
  29  2:39  Probe (Chrono Boost)  
  29  2:42  Adept x2 (Chrono Boost)  
  29  2:43  Probe (Chrono Boost)  
  29  2:44  Warp Gate  
  35  2:51  Probe  
  36  2:56  Mothership Core, Pylon  
  38  3:03  Probe  
  39  3:11  Stalker (Chrono Boost)  
  39  3:12  Stalker (Chrono Boost)  
  43  3:15  Probe  
  43  3:17  Probe  
  45  3:23  Robotics Facility  
  45  3:27  Probe  
  45  3:33  Probe  
  47  3:37  Twilight Council  
  47  3:53  Probe  
  47  3:54  Probe  
  47  3:56  Stalker x2 (Chrono Boost)  
  51  4:02  Gateway  
  51  4:03  Gateway  
  51  4:05  Probe, Gateway  
  51  4:06  Probe  
  53  4:13  Assimilator  
  53  4:14  Blink (Chrono Boost)  
  52  4:17  Probe  
  52  4:20  Probe  
  52  4:23  Pylon  
  53  4:29  Probe  
  53  4:30  Pylon  
  54  4:34  Pylon  
  54  4:35  Assimilator  
  54  4:41  Probe x2, Observer (Chrono Boost)  
  57  4:48  Stalker x2  
  61  4:58  Nexus  
  61  5:03  Probe  
  61  5:06  Probe  
  63  5:12  Observer (Chrono Boost), Forge  
  64  5:15  Stalker, Probe  
  64  5:20  Probe  
  68  5:22  Pylon  
  68  5:24  Stalker  
  68  5:27  Stalker  
  71  5:41  Probe  
  72  5:45  Probe  
  72  5:46  Stalker x2  
  77  5:50  Pylon  
  77  5:51  Robotics Bay  
  77  5:55  Robotics Facility  
  77  5:57  Probe  
  77  5:59  Protoss Ground Weapons Level 1 (Chrono Boost)  
  78  6:04  Photon Cannon  
  78  6:07  Probe  
  79  6:16  Photon Cannon  
  79  6:17  Probe  
  79  6:18  Probe  
  80  6:19  Probe  
  80  6:24  Stalker x2  
  86  6:27  Probe  
  86  6:29  Stalker  
  86  6:30  Stalker  
  86  6:32  Probe  
  92  6:33  Probe  
  92  6:38  Probe, Disruptor (Chrono Boost)  
  94  6:44  Probe  
  94  6:46  Disruptor (Chrono Boost)  
  99  6:50  Probe  
  100  7:00  Assimilator  
  100  7:02  Assimilator  
  100  7:03  Pylon  
  100  7:05  Pylon  
  100  7:13  Disruptor (Chrono Boost)  
  103  7:20  Disruptor (Chrono Boost)  
  106  7:28  Photon Cannon  
  106  7:30  Pylon  
  106  7:31  Nexus  
  106  7:32  Stalker  
  106  7:33  Stalker x4, Probe  
  106  7:34  Probe x2  
  118  7:44  Probe  
  118  7:46  Probe x2  
  118  7:50  Disruptor (Chrono Boost)  
  124  7:54  Probe  
  124  7:58  Disruptor (Chrono Boost)  
  125  8:03  Pylon, Protoss Ground Weapons Level 2 (Chrono Boost)  
  128  8:06  Photon Cannon  
  128  8:09  Stalker  
  128  8:10  Stalker  
  132  8:14  Pylon  
  132  8:16  Pylon  
  132  8:25  Disruptor  
  133  8:28  Disruptor  
  133  8:30  Photon Cannon  
  133  8:32  Photon Cannon  
  133  8:33  Pylon  
  135  8:45  Assimilator  
  135  8:47  Stalker x5  
  145  8:49  Assimilator  
  145  9:00  Disruptor  
  145  9:01  Observer  
  141  9:13  Gateway  
  141  9:15  Gateway  
  139  9:17  Gateway, Dark Shrine  
  129  9:32  Stalker x5  
  129  9:35  Observer  
  140  9:38  Disruptor  
  143  9:55  Stalker x5  
  153  10:04  Observer  
  154  10:22  Stalker x2  
  154  10:23  Stalker x2  
  161  10:36  Stalker x3  
  161  11:04  Stalker x3  
  161  11:05  Stalker x5  
  158  11:29  Stalker x2  
  158  11:30  Stalker x6  
Tags
 
Add a new tag
Caveats
  • Supply blocks, unpowered buildings, or Contaminate may cause inaccurate times.
  • Supply counts are checked every 10 seconds.